 Dungeon Crawl Stone Soup version 0.29.0-4-gdea44cf6ec (webtiles) character file.

Game seed: 6625834054056346058

44 qw the Sneak (level 3, -2/23 HPs)
             Began as a Gargoyle Delver on Sept 10, 2022.
             Slain by an iguana (10 damage)
             ... on level 4 of the Dungeon.
             The game lasted 00:00:10 (432 turns).

qw the Sneak (Gargoyle Delver)                       Turns: 432, Time: 00:00:10

Health: -2/23      AC:  6    Str: 17    XL:     3   Next: 60%
Magic:  3/3        EV: 11    Int: 10    God:
Gold:   19         SH:  0    Dex: 11    Spells: 2/2 levels left

rFire   . . .      SeeInvis .   e - +0 war axe
rCold   . . .      Faith    .   (no shield)
rNeg    + . .      Spirit   .   b - +0 leather armour
rPois   inf        Reflect  .   (no helmet)
rElec   +          Harm     .   (no cloak)
rCorr   .          Rampage  .   (no gloves)
Will    .....                   (no boots)
Stlth   +++.......              (no amulet)
HPRegen 0.07/turn               (no ring)
MPRegen 0.08/turn               (no ring)

@: no status effects
A: sickness immunity, AC +3, negative energy resistance 1, electricity
resistance, torment resistance 1, petrification resistance
a: no special abilities


You were on level 4 of the Dungeon.
You visited 1 branch of the dungeon, and saw 2 of its levels.

You collected 19 gold pieces.


Innate Abilities, Weirdness & Mutations

You are immune to sickness and miasma.
Your stone body is resilient. (AC +3)
You are immune to poison.
You resist negative energy. (rN+)
You are resistant to electric shocks. (rElec)
You are resistant to unholy torment.
You are immune to petrification.


   Skills:
 - Level 3.2 Fighting
 + Level 3.5 Axes
 - Level 1.5 Dodging
 - Level 5.4 Stealth


You had 2 spell levels left.
You didn't know any spells.
Your spell library was empty.

Inventory:

Hand Weapons
 e - a +0 war axe (weapon)
 i - a +0 club
Armour
 b - a +0 leather armour (worn)
Wands
 g - a wand of digging (3)
Scrolls
 c - a scroll of poison {unknown}
Potions
 d - a potion of heal wounds {unknown}
 f - a potion of haste
 h - a potion of ambrosia {unknown}

Dungeon Overview and Level Annotations

Branches:
Dungeon (5/15)
 Temple: D:4-7

Altars:


Message History

An orc is nearby!
372 ||| Stepping ~*~*~tactically~*~*~ (stealth).
373 ||| Stepping ~*~*~tactically~*~*~ (stealth).
You start resting.
An orc is nearby!
375 ||| Stepping ~*~*~tactically~*~*~ (stealth).
You start resting.
HP restored.
An orc is nearby!
384 ||| Stepping ~*~*~tactically~*~*~ (stealth).
You now have 9 gold pieces.
A kobold comes into view. It is wielding a +0 short sword.
You hit the kobold.
You kill the kobold!
You now have 19 gold pieces (gained 10).
You see here a +0 short sword.
Found a stone staircase leading down.
Enter note: An iguana comes into view.
An iguana is nearby!
You hit the iguana but do no damage. The iguana barely misses you.
You closely miss the iguana. The iguana completely misses you.
You hit the iguana.
The iguana is lightly wounded.
The iguana barely misses you. The iguana bites you!
You barely miss the iguana.
The iguana is lightly wounded.
The iguana barely misses you.
You closely miss the iguana.
The iguana is lightly wounded.
The iguana barely misses you.
You hit the iguana but do no damage.
The iguana is lightly wounded.
The iguana bites you.
You hit the iguana.
The iguana is lightly wounded.
The iguana bites you!
You die...

#.....# ##.##...
#.#.....# #..##... .
#.#.....# #....... ..
#.#.....# #..#.### ...
#.#.....####..#.# ....
#.........).^.#.#
.....#.##...######.#.###
.......##.#.# #.#....
......l@..#.# #.#####
.##...#####.# #.. ...>.
... #.. .### #.# ..# #.#
#.#


You could see an iguana.

Vanquished Creatures
  A jelly (D:4)
  A shadow imp (D:5)
  2 orcs (D:4)
  A goblin (D:4)
  A kobold (D:4)
6 creatures vanquished.

Notes
Turn   | Place    | Note
-------+----------+-------------------------------------------
     0 | D:5      | qw the Gargoyle Delver began the quest for the Orb.
     0 | D:5      | Reached XP level 1. HP: 14/14 MP: 1/1
     0 | D:5      | 0 ||| qw: Version: 0.1-a-116-g5d60599
     0 | D:5      | 0 ||| qw: Game counter: 7951
     0 | D:5      | 0 ||| qw: Always use a shield: true
     0 | D:5      | 0 ||| qw: God list: Okawaru
     0 | D:5      | 0 ||| qw: Allow faded altars: false
     0 | D:5      | 0 ||| qw: Do Orc after D:15 true
     0 | D:5      | 0 ||| qw: Do second Lair branch before Depths: true
     0 | D:5      | 0 ||| qw: Lair rune preference: random
     0 | D:5      | 0 ||| qw: Plans: Normal
     0 | D:5      | 0 ||| PLANNING D:1-11
    62 | D:5      | Reached XP level 2. HP: 12/19 MP: 2/2
   181 | D:5      | 181 ||| DROPPING scroll of fog.
   182 | D:5      | 182 ||| DROPPING scroll of magic mapping.
   183 | D:5      | 183 ||| DROPPING scroll of fear.
   218 | D:4      | 218 ||| Stepping ~*~*~tactically~*~*~ (stealth).
   331 | D:4      | 331 ||| SWAPPING to +0 war axe.
   332 | D:4      | 332 ||| DROPPING +0 hand axe.
   363 | D:4      | Reached skill level 3 in Axes
   363 | D:4      | Reached XP level 3. HP: 21/23 MP: 3/3
   371 | D:4      | Identified the +2 ring mail of Disaster {Str+7}
   372 | D:4      | 372 ||| Stepping ~*~*~tactically~*~*~ (stealth).
   373 | D:4      | 373 ||| Stepping ~*~*~tactically~*~*~ (stealth).
   375 | D:4      | 375 ||| Stepping ~*~*~tactically~*~*~ (stealth).
   384 | D:4      | 384 ||| Stepping ~*~*~tactically~*~*~ (stealth).
   432 | D:4      | Slain by an iguana

Levels and vault maps discovered:
D:4:      layout_basic, mainiacjoe_overflow_boulevard
D:5:      layout_basic, cheibrodos_sewer_entry_bend, minmay_misc_feat_roman,
          minmay_misc_feat_alley

Skill      XL: |  1  2 |
---------------+-------+-----
Axes           | 2 3 |  3.5
Fighting       | |  3.2
Dodging        | |  1.5
Stealth        | |  5.4

Action                   || total
-------------------------++-------
Melee: Hand axe          ||    15
       War axe           ||    10
 Stab: Sleeping          ||     1
Armor: Leather armour    ||     4
Dodge: Dodged            ||    11

Table legend:
 A = Non-vault XP
 B = Vault XP
 C = Vault XP percentage of total XP
 D = Non-vault monster count
 E = Vault monster count
 F = Vault count percentage of total count
                 A         B        C        D         E       F
            +---------+---------+-------+---------+---------+-------
      Total |      63 |       0 |   0.0 |       6 |       0 |   0.0
            +---------+---------+-------+---------+---------+-------
        D:4 |      51 |       0 |   0.0 |       5 |       0 |   0.0
        D:5 |      12 |       0 |   0.0 |       1 |       0 |   0.0
            +---------+---------+-------+---------+---------+-------
